 Dungeon Crawl Stone Soup version 0.20.1-1-g8b1a95d (webtiles) character file.

3239 galech the Grappler (level 9, -2/84 HPs)
             Began as a Troll Monk on July 28, 2017.
             Slain by an iguana (9 damage)
             ... on level 7 of the Dungeon.
             The game lasted 00:09:27 (5359 turns).

galech the Grappler (Troll Monk)                    Turns: 5359, Time: 00:09:27

Health: -2/84      AC:  8    Str: 24    XL:     9   Next: 67%
Magic:  8/8        EV: 12    Int:  6    God:
Gold:   285        SH:  0    Dex: 12    Spells: 8/8 levels left

rFire    . . .     SeeInvis .     - Unarmed
rCold    . . .     Gourm    +   (no shield)
rNeg     . . .     Faith    .   a - +0 robe
rPois    .         Spirit   .   (helmet restricted)
rElec    .         Reflect  .   w - +2 cloak
rCorr    .         Harm     .   (gloves unavailable)
MR       .....                  (boots unavailable)
Stlth    ++........             n - amulet of regeneration
Regen    1.1/turn               (no ring)
MPRegen  0.2/turn               (no ring)

@: no status effects
A: unfitting armour, claws 3, fast metabolism 3, gourmand, regeneration 1,
shaggy fur 1, tough skin 2
a: no special abilities


You were on level 7 of the Dungeon.
You were completely stuffed.

You visited 1 branch of the dungeon, and saw 7 of its levels.
You also visited: Ossuary.

You collected 285 gold pieces.

Inventory:

Armour
 a - a +0 robe (worn)
 r - a scarf of spirit shield
 w - a +2 cloak (worn)
Jewellery
 g - an uncursed amulet of guardian spirit
 n - an amulet of regeneration (around neck)
Wands
 y - a wand of iceblast (7/15)
 B - a wand of lightning (7/15)
Scrolls
 c - 8 scrolls of identify {unknown}
 d - a scroll of immolation {unknown}
 e - a scroll of fear {unknown}
 i - 5 scrolls of teleportation {unknown}
 j - 3 scrolls of amnesia {unknown}
 p - a scroll of blinking {unknown}
 q - 4 scrolls of remove curse {unknown}
 s - a scroll of noise {unknown}
 v - a scroll of magic mapping {unknown}
 A - a scroll of fog {unknown}
 D - a scroll of recharging {unknown}
 E - a scroll of enchant weapon {unknown}
Potions
 h - 4 potions of lignification {unknown}
 k - a potion of magic {unknown}
 m - 6 potions of curing {unknown}
 o - 6 potions of cancellation {unknown}
 t - a potion of mutation {unknown}
 u - 2 potions of flight {unknown}
 x - a potion of ambrosia {unknown}
 z - 2 potions of might {unknown}
 C - 2 potions of heal wounds {unknown}
Books
 F - a book of Misfortune

   Spells                             Type                      Level
   a - Confusing Touch                Hexes                        1
   b - Confuse                        Hexes                        3
   c - Gell's Gravitas                Translocation                3
   d - Petrify                        Transmutation/Earth          4
   e - Metabolic Englaciation         Hexes/Ice                    5
   f - Yara's Violent Unravelling     Hexes/Transmutation          5
Comestibles
 b - 8 bread rations
 f - 7 meat rations
 l - 5 royal jellies
 G - 3 chunks of flesh


   Skills:
 + Level 4.2 Fighting
 + Level 5.7 Dodging
 + Level 3.1 Stealth
 + Level 10.7 Unarmed Combat


You had 8 spell levels left.
You didn't know any spells.

Dungeon Overview and Level Annotations

Branches:
Dungeon (7/15)
 Temple: D:4-7

Altars:
Elyvilon
Qazlal
Sif Muna
Uskayaw
Xom


Innate Abilities, Weirdness & Mutations

You are too large for most types of armour.
You have claws for hands.
Your metabolism is lightning-fast.
You like to eat raw meat.
Your natural rate of healing is unusually fast.
You are covered in fur. (AC +1)
You have very tough skin. (AC +2)


Message History

You scratch the ogre.
The ogre is almost dead.
The ogre hits you with a giant spiked club!!
* * * LOW HITPOINT WARNING * * *
You closely miss the ogre.
The ogre is almost dead.
The orc barely misses you.
You scratch the ogre.
You kill the ogre!
The orc barely misses you.
You scratch the orc.
The orc is lightly wounded.
You mangle the orc!!
You kill the orc!
The iguana bites you!
* * * LOW HITPOINT WARNING * * *
You scratch the iguana.
The iguana is moderately wounded.
The iguana bites you!
You die...

............#######
#.#...### #..
..####.####.#
#.##....# #.#
.#########..#
#.#..##.##..#
.##.).###.÷[#
###...###....##
###.§(#..#.##
###...### ###....
#÷÷..#####
#...#...####..###
######
#.#####.[....##.#
##)# ####....####.
#@)# #....##..##.#
#=.l)##
#.######.#.##
#..... .. #..###
#....... #### #
#........
#.#.......
#........>.
##..########


You could see an iguana.

Vanquished Creatures
  The ghost of Amon001 the Skirmisher, a novice GrFi of Hepliaklqana (D:6)
  Grinder (D:3)
  The ghost of Mesmaeker13 the Covered, an amateur DDFi (D:4)
  Eustachio (D:4)
  Duvessa (D:4)
  An orc warrior (D:7)
  A sky beast (D:6)
  4 ogres
  A phantom (D:6)
  The ghost of Frank the Cutter, an amateur OpMo (D:3)
  A big kobold (D:7)
  3 elf zombies (Ossuary)
  A bullfrog (D:7)
  Dowan (D:4)
  A howler monkey (D:5)
  2 crimson imps
  2 human zombies (Ossuary)
  2 hounds
  2 bullfrog skeletons
  A centaur zombie (Ossuary)
  An orc priest (D:5)
  Crazy Yiuf (D:3)
  Jessica (D:2)
  5 iguanas
  Natasha (thrice) (D:3)
  5 worker ants
  5 orc wizards
  2 hound skeletons
  2 mummies (Ossuary)
  A howler monkey zombie (D:7)
  4 gnolls (D:4)
  10 adders
  An ooze (D:1)
  An adder zombie (Ossuary)
  3 adder skeletons
  3 worms
  4 dart slugs
  3 leopard geckos
  23 orcs
  2 ball pythons
  6 bats
  4 giant cockroaches
  5 goblins
  8 hobgoblins
  9 jackals
  6 quokkas
  4 frilled lizards
  2 goblin zombies (Ossuary)
  9 hobgoblin zombies (Ossuary)
  A jackal skeleton (D:5)
  10 kobolds
  10 kobold zombies (Ossuary)
  A leopard gecko skeleton (D:5)
  8 orc zombies (Ossuary)
  14 rats
  A rat zombie (Ossuary)
207 creatures vanquished.

Vanquished Creatures (others)
  Sigmund (D:3)
1 creature vanquished.

Grand Total: 208 creatures vanquished

Notes
Turn   | Place    | Note
-------+----------+-------------------------------------------
     0 | D:1      | galech the Troll Monk began the quest for the Orb.
     0 | D:1      | Reached XP level 1. HP: 22/22 MP: 0/0
    85 | D:1      | Reached XP level 2. HP: 29/29 MP: 1/1
   529 | D:1      | Reached XP level 3. HP: 34/36 MP: 0/2
  1224 | D:2      | Found a stormy altar of Qazlal.
  1263 | D:2      | Reached XP level 4. HP: 37/45 MP: 3/3
  1767 | D:3      | Found a faded altar of an unknown god.
  1850 | D:3      | Reached skill level 4 in Unarmed Combat
  1911 | D:3      | Reached XP level 5. HP: 48/53 MP: 4/4
  1983 | D:3      | Noticed Sigmund
  1987 | D:3      | Noticed Frank's ghost (amateur OpMo)
  1989 | D:3      | Noticed Jessica
  2055 | D:3      | Killed Sigmund
  2055 | D:3      | Reached XP level 6. HP: 33/61 MP: 1/5
  2063 | D:2      | Killed Jessica
  2063 | D:2      | Reached skill level 5 in Unarmed Combat
  2120 | D:3      | Noticed Natasha
  2125 | D:3      | Killed Natasha
  2211 | D:3      | Noticed Natasha
  2215 | D:3      | Killed Natasha
  2299 | D:3      | Killed Frank's ghost
  2307 | D:3      | Noticed Natasha
  2310 | D:3      | Killed Natasha
  2630 | D:3      | Noticed Grinder
  2638 | D:3      | Found a runed door.
  2646 | D:3      | Paralysed by something for 6 turns
  2689 | D:3      | Killed Grinder
  2689 | D:3      | Reached skill level 6 in Unarmed Combat
  2689 | D:3      | Reached XP level 7. HP: 53/67 MP: 3/6
  2717 | D:3      | Noticed Crazy Yiuf
  2721 | D:3      | Killed Crazy Yiuf
  2768 | D:4      | Noticed Mesmaeker13's ghost (amateur DDFi)
  2824 | D:4      | Noticed Eustachio
  2833 | D:4      | Killed Eustachio
  2955 | D:4      | Reached skill level 7 in Unarmed Combat
  3019 | D:4      | Killed Mesmaeker13's ghost
  3019 | D:4      | Reached XP level 8. HP: 71/78 MP: 7/7
  3288 | D:4      | Noticed Duvessa
  3292 | D:4      | Noticed Dowan
  3303 | D:4      | Killed Duvessa
  3309 | D:4      | Killed Dowan
  3445 | D:5      | Entered Level 5 of the Dungeon
  3478 | D:5      | Found a sand-covered staircase.
  3484 | Ossuary  | Entered an ossuary
  3606 | Ossuary  | Reached skill level 5 in Dodging
  3606 | Ossuary  | Reached skill level 8 in Unarmed Combat
  4002 | D:5      | Reached skill level 9 in Unarmed Combat
  4040 | D:5      | Found a shimmering altar of Xom.
  4445 | D:5      | Reached XP level 9. HP: 82/84 MP: 8/8
  4701 | D:6      | Noticed Amon001's ghost (novice GrFi)
  4721 | D:6      | Killed Amon001's ghost
  4721 | D:6      | Reached skill level 10 in Unarmed Combat
  4983 | D:6      | Found a white marble altar of Elyvilon.
  4986 | D:6      | Found a deep blue altar of Sif Muna.
  4989 | D:6      | Found a hide-covered altar of Uskayaw.
  5359 | D:7      | Slain by an iguana

Skill      XL: |  1  2  3  4  5  6  7  8  9 |
---------------+----------------------------+-----
Fighting       | 3 4 |  4.2
Unarmed Combat | 4 6 7 9 10 | 10.7
Dodging        | 3 4 5 |  5.7
Stealth        | 2 3 |  3.1

Action                   |  1- 3 |  4- 6 |  7- 9 || total
-------------------------+-------+-------+-------++-------
Melee: Unarmed           |    73 |   141 |   374 ||   588
       Punch             |     1 |       |    15 ||    16
 Stab: Sleeping          |     4 |     2 |     7 ||    13
       Invisible         |       |       |     1 ||     1
  Eat: Chunk             |    12 |    18 |    25 ||    55
Armor: Robe              |    23 |    45 |   130 ||   198
Dodge: Dodged            |    36 |    77 |   208 ||   321
